Description

This build order is really strong against most of standard playstyle. You open with a 8 stalkers pressure. After doing the damage, go to a fast twilight council to do a chargelot timing.

Notes :

  • The opening is very agressive. It's a standard 8 Stalkers
  • Keep in mind that you will be scout. At the moment, PvP is reactive oriented with many scout
  • Don't take the gas on your natural
  • Keep your sentries for Force fields
  • The 7min mark timing is really strong: If your opponent did an expand: You win.
  • Against distruptors don't forget to split your army

VOD

https://youtu.be/lJOA0iGIqIs

Replay - NeWHoriZonS v zuka - Nightshade LE

Build Order

Get SALT Encoding   

  12  0:00  Probe  
  13  0:13  Probe  
  14  0:18  Pylon  
  14  0:25  Probe (Chrono Boost)  
  15  0:36  Probe (Chrono Boost)  
  15  0:37  Gateway  
  16  0:43  Probe  
  16  0:48  Assimilator  
  17  0:55  Probe  
  17  0:56  Assimilator  
  18  1:07  Probe (Chrono Boost)  
  19  1:12  Gateway  
  19  1:17  Probe x2 (Chrono Boost)  
  21  1:26  Cybernetics Core  
  21  1:33  Probe  
  22  1:41  Pylon  
  24  2:03  Stalker x2  
  24  2:04  Warp Gate (Chrono Boost)  
  28  2:15  Pylon  
  29  2:33  Stalker x2  
  33  2:48  Pylon  
  33  3:03  Stalker x2  
  37  3:22  Nexus  
  37  3:35  Robotics Facility  
  37  3:45  Stalker x2  
  44  4:31  Twilight Council  
  43  4:34  Gateway x2  
  43  4:37  Observer (Chrono Boost)  
  47  4:53  Gateway  
  48  5:01  Immortal (Chrono Boost)  
  48  5:02  Charge (Chrono Boost)  
  56  5:29  Pylon  
  56  5:35  Warp Prism (Chrono Boost)  
  57  5:37  Zealot  
  61  5:46  Sentry x3  
  67  5:58  Zealot x2  
  71  6:09  Gateway  
  71  6:11  Zealot x3  
  79  6:21  Zealot x2  
  83  6:32  Zealot x2  
  87  6:49  Stalker x2  
Spawning Tool Build Advisor. Get it on Overwolf

Go to:

Details

  • Created by: zuka      
  • Published on: Dec 27, 2019
  • Patch: 4.11.0
Show
View Real Time Build Order
Export as new Build Order

Comments (1)

On Jan. 8, 2020, 3:12 a.m., taljacob  said:

Great, though its is actually not a "2 Base Chargelot All-in" - it is actually a "proxy pylon Stalkers poke"

Create an account to comment!